 Dungeon Crawl Stone Soup version 0.25-a0-503-ge281fa673e (webtiles) character file.

Game seed: 7785355142495345317, levelgen mode: deterministic

6756 kae the Martial Artist (level 10, -12/84 HPs)
             Began as a Demonspawn Gladiator on Feb 13, 2020.
             Was an Elder of Wu Jian.
             Mangled by Snorg (16 damage)
             ... on level 10 of the Dungeon.
             The game lasted 00:11:43 (10267 turns).

kae the Martial Artist (Demonspawn Gladiator)      Turns: 10267, Time: 00:11:44

Health: -12/84     AC: 11    Str: 15    XL:     10   Next: 75%
Magic:  10/10      EV: 15    Int:  5    God:    Wu Jian [****..]
Gold:   676        SH:  0    Dex: 18    Spells: 9/9 levels left

rFire    . . .     SeeInvis .     - Unarmed
rCold    . . .     Gourm    .   (no shield)
rNeg     . . .     Faith    .   l - +2 ring mail of Peha {MR+ Regen+ Int-4}
rPois    .         Spirit   .   b - +0 helmet
rElec    .         Reflect  .   (no cloak)
rCorr    .         Harm     .   (no gloves)
MR       ++...                  (no boots)
Stlth    +.........             (no amulet)
HPRegen  0.64/turn              y - +3 ring of evasion
MPRegen  0.12/turn              (no ring)

@: lethally poisoned (-12 -> -13), about to teleport
A: hooves 1, molten scales 2, demonic guardian 1, magic resistance 1, powered by
death 1
a: Wall Jump, Serpent's Lash, Renounce Religion


You were on level 10 of the Dungeon.
You worshipped Wu Jian.
Wu Jian was greatly pleased with you.
You were hungry.

You visited 2 branches of the dungeon, and saw 11 of its levels.
You also visited: Sewer and Ossuary.

You collected 676 gold pieces.

Inventory:

Missiles
 c - 5 throwing nets (quivered)
Armour
 a - a +1 leather armour
 b - a +0 helmet (worn)
 l - the +2 ring mail of Peha (worn) {MR+ Regen+ Int-4}
   (You found it on level 4 of the Dungeon)

   It affects your intelligence (-4).
   It affects your resistance to hostile enchantments.
   It increases your rate of regeneration.
   If you remove this armour, your AC will decrease by 7 (11 -> 4).
Jewellery
 k - a +2 ring of intelligence
 y - a +3 ring of evasion (left hand)
Wands
 q - a wand of acid (20)
 r - a wand of disintegration (23)
 u - a wand of paralysis (10)
 z - a wand of enslavement (7)
Scrolls
 h - 2 scrolls of remove curse
 j - 3 scrolls of enchant armour
 o - 4 scrolls of identify
 s - 2 scrolls of fog
 t - 2 scrolls of enchant weapon
 w - a scroll of blinking
 A - a scroll of fear
Potions
 e - a potion of heal wounds
 g - 5 potions of flight
 i - 4 potions of curing
 m - 2 potions of mutation
 n - 4 potions of lignification
 p - a potion of berserk rage
 v - a potion of ambrosia
 x - a potion of agility
 C - a potion of resistance {unknown}
Comestibles
 d - 22 rations


   Skills:
 + Level 9.7 Fighting
 - Level 1.7 Throwing
 - Level 3.0 Dodging
 * Level 12.3 Unarmed Combat


You had 9 spell levels left.
You didn't know any spells.
Your spell library contained the following spells:

 Spells                   Type           Power        Failure   Level  Hunger
 Animate Skeleton         Necr           N/A          71%         1    ##.....
 Magic Dart               Conj           #...         71%         1    ##.....
 Pain                     Necr           #...         71%         1    ##.....
 Blink                    Tloc           N/A          85%         2    ###....
 Call Imp                 Summ           #.......     85%         2    ###....
 Slow                     Hex            #.......     85%         2    ###....
 Conjure Flame            Conj/Fire      #.......     97%         3    ####...
 Mephitic Cloud           Conj/Pois/Air  #.......     97%         3    ####...
 Vampiric Draining        Necr           #.........   97%         3    ####...
 Animate Dead             Necr           N/A          100%        4    #####..
 Agony                    Necr           #.......     100%        5    ######.


Dungeon Overview and Level Annotations

Branches:
Dungeon (10/15)            Temple (1/1) D:7            Lair (0/6) D:8
    Orc (0/2) D:10          Sewer (visited)         Ossuary (visited)

Altars:
Ashenzari
Cheibriados
Dithmenos
Elyvilon
Fedhas
Gozag
Hepliaklqana
Kikubaaqudgha
Makhleb
Nemelex Xobeh
Okawaru
Qazlal
Ru
Sif Muna
Trog
Uskayaw
Vehumet
Wu Jian
Xom
Yredelemnul
Zin
The Shining One

Annotations:
D:10 3 runed translucent doors, Snorg


Innate Abilities, Weirdness & Mutations

You have large cloven feet.
You are mostly covered in molten scales. (AC +3)
A weak demonic guardian rushes to your aid.
You regenerate a little health from kills.
You are resistant to hostile enchantments. (MR+)


Message History

Snorg is moderately wounded.
The killer bee closely misses you. Snorg closely misses you. Snorg claws you.
Snorg misses you.
Your shadow imp closely misses Snorg.
You swap places.
You spin and attack Snorg.
You barely miss Snorg. You kick Snorg!
Snorg is moderately wounded.
The killer bee stings your shadow imp. Snorg bites you but does no damage.
Snorg barely misses you. Snorg claws you but does no damage.
The killer bee stings your shadow imp.
Your shadow imp dies!
Snorg bites you. Snorg claws you but does no damage. Snorg claws you!
As you read the scroll of teleportation, it crumbles to dust.
You feel strangely unstable. The killer bee stings you.
You are poisoned.
The killer bee poisons you! Snorg bites you!!
* * * LOW HITPOINT WARNING * * *
Snorg claws you!
* * * LOW HITPOINT WARNING * * *
Snorg claws you!
You die...

#........#..........###...##
#..##.##...#####..#.# ###...
#...#5##.#.# ##....# ####
######.#...##.#.# #...###
.......##..#....####...#
.......##....###.....###
..[.........####.##..#
.......##....#......##
......[....#.#.#@####
##.#...##......Ty#######
##......#...............
.T.h.....#....#..#######
h#.........##.....###
.#o(...ยง.####...#...########.
###......# #.#.###....##....
#...[o..# ...............#####
#.<.....###+++######.........#


You could see Snorg (berserk) and a killer bee.

Vanquished Creatures
  Harold (D:10)
  Maggie (D:8)
  An efreet (D:10)
  A troll (D:9)
  Grinder (D:6)
  A hungry ghost (D:10)
  Menkaure (D:4)
  A two-headed ogre zombie (D:10)
  Duvessa (D:4)
  2 orc warriors (D:9)
  3 ice beasts (D:10)
  4 sky beasts
  3 phantoms
  3 ogres
  2 necrophages
  6 centaurs
  Blork the orc (D:6)
  A big kobold (Sewer)
  5 bullfrogs
  Dowan (D:4)
  2 troll zombies (D:10)
  A scorpion (D:4)
  3 crimson imps
  A bullfrog zombie (D:3)
  2 centaur zombies
  4 jellies
  3 human zombies (Ossuary)
  4 bullfrog skeletons
  A gnoll shaman (D:9)
  9 orc priests
  6 hounds
  2 centaur skeletons
  6 orc wizards
  Natasha (thrice) (D:2)
  5 worker ants
  A big kobold zombie (Ossuary)
  4 ogre zombies (D:10)
  A hound zombie (Ossuary)
  2 hound skeletons
  3 mummies (Ossuary)
  A worker ant zombie (D:2)
  12 adders
  7 gnolls
  A river rat (Sewer)
  A shadow imp (D:8)
  5 oozes (D:8)
  6 adder zombies (Ossuary)
  An adder skeleton (D:6)
  A worm (D:3)
  5 dart slugs
  8 leopard geckos
  34 orcs
  7 giant cockroaches
  A gnoll zombie (Ossuary)
  3 goblins
  9 hobgoblins
  12 jackals
  9 kobolds
  3 quokkas
  2 ball pythons
  3 bats
  7 frilled lizards
  2 goblin skeletons (D:10)
  5 goblin zombies
  A hobgoblin skeleton (D:10)
  6 hobgoblin zombies
  A jackal skeleton (D:4)
  2 jackal zombies (Ossuary)
  7 kobold zombies (Ossuary)
  A leopard gecko skeleton (D:4)
  3 orc skeletons (D:10)
  9 orc zombies
  A quokka skeleton (D:8)
  2 quokka zombies (Ossuary)
  6 rats
  6 rat zombies (Ossuary)
293 creatures vanquished.

Vanquished Creatures (collateral kills)
  A bullfrog zombie (D:9)
  An ogre zombie (D:10)
  A goblin skeleton (D:10)
  A hobgoblin skeleton (D:10)
  3 orc zombies (D:10)
7 creatures vanquished.

Vanquished Creatures (others)
  A quasit (D:10)
1 creature vanquished.

Grand Total: 301 creatures vanquished

Notes
Turn   | Place    | Note
-------+----------+-------------------------------------------
     0 | D:1      | kae the Demonspawn Gladiator began the quest for the Orb.
     0 | D:1      | Reached XP level 1. HP: 16/16 MP: 1/1
   472 | D:1      | Reached skill level 3 in Unarmed Combat
   472 | D:1      | Gained mutation: You are partially covered in molten
                  | scales. (AC +2) [demonic ancestry]
   472 | D:1      | Reached XP level 2. HP: 21/22 MP: 2/2
  1160 | D:2      | Reached XP level 3. HP: 28/28 MP: 3/3
  1326 | D:2      | Reached XP level 4. HP: 26/34 MP: 4/4
  1328 | D:2      | Reached skill level 4 in Unarmed Combat
  1869 | D:2      | Noticed Natasha
  1879 | D:2      | Killed Natasha
  1986 | D:2      | Gained mutation: You are mostly covered in molten scales.
                  | (AC +3) [demonic ancestry]
  1986 | D:2      | Reached XP level 5. HP: 36/41 MP: 5/5
  2084 | D:2      | Noticed Natasha
  2105 | D:2      | Killed Natasha
  2458 | D:2      | Noticed Natasha
  2468 | D:2      | Killed Natasha
  3299 | D:3      | Reached skill level 5 in Unarmed Combat
  3303 | D:3      | Gained mutation: Your body sometimes deteriorates upon
                  | taking damage. [potion of mutation]
  3303 | D:3      | Gained mutation: You have sharp toenails. [potion of
                  | mutation]
  3303 | D:3      | Lost mutation: Your body sometimes deteriorates upon taking
                  | damage. [potion of mutation]
  3303 | D:3      | Gained mutation: You are resistant to hostile enchantments.
                  | (MR+) [potion of mutation]
  3397 | D:3      | Found a glowing drain.
  3483 | Sewer    | Entered a sewer
  3665 | Sewer    | Reached XP level 6. HP: 48/48 MP: 6/6
  3805 | Sewer    | Found a white marble altar of Elyvilon.
  3988 | D:3      | Found a shadowy altar of Dithmenos.
  3989 | D:3      | Found a sacrificial altar of Ru.
  3991 | D:3      | Found an iron altar of Okawaru.
  4466 | D:4      | Reached skill level 6 in Unarmed Combat
  4489 | D:4      | Noticed Dowan
  4628 | D:4      | Found a radiant altar of Vehumet.
  4628 | D:4      | Found a glowing silver altar of Zin.
  4746 | D:4      | Lost mutation: You have sharp toenails. [demonic ancestry]
  4746 | D:4      | Gained mutation: You have large cloven feet. [demonic
                  | ancestry]
  4746 | D:4      | Reached XP level 7. HP: 51/55 MP: 7/7
  4835 | D:4      | Noticed Duvessa
  4854 | D:4      | Killed Duvessa
  4872 | D:4      | Killed Dowan
  4872 | D:4      | Reached skill level 5 in Fighting
  5399 | D:4      | Reached skill level 7 in Unarmed Combat
  5516 | D:4      | Got a transparent ring mail
  5610 | D:4      | Identified the +2 ring mail of Peha {MR+ Regen+ Int-4} (You
                  | found it on level 4 of the Dungeon)
  5627 | D:5      | Entered Level 5 of the Dungeon
  5732 | D:5      | Reached XP level 8. HP: 43/64 MP: 8/8
  5971 | D:5      | Noticed Menkaure
  6006 | D:4      | Killed Menkaure
  6006 | D:4      | Reached skill level 8 in Unarmed Combat
  6419 | D:6      | Reached skill level 9 in Unarmed Combat
  6443 | D:6      | Gained mutation: You regenerate a little health from kills.
                  | [demonic ancestry]
  6443 | D:6      | Reached XP level 9. HP: 49/72 MP: 9/9
  6479 | D:6      | Noticed Grinder
  6492 | D:6      | Found an ancient bone altar of Kikubaaqudgha.
  6496 | D:6      | Killed Grinder
  6541 | D:6      | Noticed Blork the orc
  6549 | D:6      | Killed Blork the orc
  6905 | D:6      | Found a burning altar of Makhleb.
  7244 | D:7      | Found a staircase to the Ecumenical Temple.
  7321 | Temple   | Entered the Ecumenical Temple
  7519 | Temple   | Became a worshipper of the Wu Jian Council
  7753 | D:8      | Found a staircase to the Lair.
  7887 | D:8      | Noticed Maggie
  7905 | D:8      | Killed Maggie
  7905 | D:8      | Reached skill level 10 in Unarmed Combat
  7988 | D:8      | Found a sand-covered staircase.
  8000 | Ossuary  | Entered an ossuary
  8041 | Ossuary  | Reached * piety under Wu Jian
  8241 | Ossuary  | Reached ** piety under Wu Jian
  9082 | D:9      | Reached skill level 11 in Unarmed Combat
  9089 | D:9      | Gained mutation: A weak demonic guardian rushes to your
                  | aid. [demonic ancestry]
  9089 | D:9      | Reached XP level 10. HP: 82/82 MP: 10/10
  9531 | D:10     | Entered Level 10 of the Dungeon
  9553 | D:10     | Reached *** piety under Wu Jian
  9617 | D:10     | Found a staircase to the Orcish Mines.
  9713 | D:10     | Reached **** piety under Wu Jian
  9912 | D:10     | Found a runed translucent gate.
  9912 | D:10     | Found a runed translucent gate.
  9913 | D:10     | Found a runed translucent gate.
  9913 | D:10     | Noticed a spectral centaur warrior
  9916 | D:10     | Noticed a spectral centaur warrior
  9917 | D:10     | Noticed a spectral centaur warrior
  9942 | D:10     | Reached skill level 12 in Unarmed Combat
  9972 | D:10     | Noticed Snorg
 10140 | D:10     | Noticed Harold
 10160 | D:10     | Killed Harold
 10267 | D:10     | HP: 4/84 [Snorg (9)]
 10267 | D:10     | Mangled by Snorg

Levels and vault maps discovered:
D:1:      minmay_arrival_five_plusses, layout_rooms, minmay_misc_feat_iff
D:2:      layout_basic, first_ration, uniq_natasha
D:3:      layout_basic, minitemple, portal_sewer_entry_f
D:4:      layout_loops_cross, gammafunk_temple_overflow_elements,
          kennysheep_diamond, uniq_duvessa
D:5:      layout_cave_pools, uniq_menkaure
D:6:      layout_layer_cave, makhleb_grotto_becter, kiku_gazebo_pond_becter,
          uniq_blork_the_orc, uniq_grinder
D:7:      layout_gridville, minmay_temple_entry_mist
D:8:      layout_loops_cross, lair_entry_dummy,
          lightli_ossuary_entry_decrepit_ruins, hangedman_little_slice_of_home,
          uniq_maggie
D:9:      layout_small_grid
D:10:     layout_rooms, zombieorc2_lemuel, gammafunk_ghost_necromancy,
          uniq_harold, uniq_snorg
Temple:   regret_index_temple_generic_petals

Skill      XL: |  1  2  3  4  5  6  7  8  9 10 |
---------------+-------------------------------+-----
Unarmed Combat | 3 4 5 6 7 9 11 12 | 12.3
Dodging        | 3 |  3.0
Fighting       | 3 4 5 7 8 9 |  9.7
Throwing       | |  1.7

Action                   |  1- 3 |  4- 6 |  7- 9 | 10-12 || total
-------------------------+-------+-------+-------+-------++-------
Melee: Unarmed           |   142 |   260 |   557 |   233 ||  1192
       Punch             |     2 |     8 |    32 |    16 ||    58
       Kick              |       |    40 |   168 |    82 ||   290
Invok: Lunge             |       |       |    18 |    12 ||    30
       Whirlwind         |       |       |     2 |    24 ||    26
  Use: Scroll            |     6 |     5 |     6 |     3 ||    20
       Potion            |     1 |     5 |     2 |       ||     8
 Stab: Sleeping          |     2 |     1 |       |       ||     3
       Distracted        |       |       |       |     2 ||     2
  Eat: Chunk             |     1 |    12 |    14 |     5 ||    32
Armor: Leather armour    |    32 |    73 |    18 |       ||   123
       Ring mail         |       |       |   178 |    68 ||   246
Dodge: Dodged            |   106 |   147 |   291 |   147 ||   691

Table legend:
 A = Non-vault XP
 B = Vault XP
 C = Vault XP percentage of total XP
 D = Non-vault monster count
 E = Vault monster count
 F = Vault count percentage of total count
                 A         B        C        D         E       F
            +---------+---------+-------+---------+---------+-------
      Total |    5994 |    3658 |  37.9 |     189 |     112 |  37.2
            +---------+---------+-------+---------+---------+-------
        D:1 |      40 |       0 |   0.0 |      19 |       0 |   0.0
        D:2 |     205 |      33 |  13.9 |      22 |       1 |   4.3
        D:3 |     154 |      16 |   9.4 |      17 |       6 |  26.1
        D:4 |     401 |     494 |  55.2 |      24 |       5 |  17.2
        D:5 |     735 |       0 |   0.0 |      19 |       0 |   0.0
        D:6 |     761 |     406 |  34.8 |      15 |       3 |  16.7
        D:7 |      19 |       0 |   0.0 |       4 |       0 |   0.0
        D:8 |     577 |     550 |  48.8 |      18 |       9 |  33.3
        D:9 |    1706 |       0 |   0.0 |      36 |       0 |   0.0
       D:10 |    1396 |    1697 |  54.9 |      15 |      37 |  71.2
      Sewer |       0 |     127 | 100.0 |       0 |      12 | 100.0
    Ossuary |       0 |     335 | 100.0 |       0 |      39 | 100.0
            +---------+---------+-------+---------+---------+-------
